 Dungeon Crawl Stone Soup version 0.27-a0-1438-g9b7c6745da (webtiles) character file.

Game seed: 15557430221616407775

9443 Gargoyl the Fighter (level 11, -3/89 HPs)
             Began as a Gnoll Abyssal Knight on July 3, 2021.
             Was an Elder of Lugonu.
             Slain by a komodo dragon (16 damage)
             ... on level 1 of the Lair of Beasts on July 4, 2021.
             The game lasted 00:15:41 (12669 turns).

Gargoyl the Fighter (Gnoll Abyssal Knight)         Turns: 12669, Time: 00:15:42

Health: -3/89      AC: 15    Str: 15    XL:     11   Next: 46%
Magic:  21/21      EV:  8    Int: 11    God:    Lugonu [****..]
Gold:   422        SH: 11    Dex: 18    Spells: 23/23 levels left

rFire    . . .     SeeInvis .   d - +5 rapier (venom)
rCold    . . .     Faith    .   j - +1 kite shield
rNeg     . . .     Spirit   .   l - +1 chain mail
rPois    +         Reflect  .   (no helmet)
rElec    .         Harm     .   (no cloak)
rCorr    .         Rampage  .   (no gloves)
Will     .....                  w - +2 pair of boots
Stlth    +.........             e - amulet of magic regeneration
HPRegen  0.24/turn              m - ring of poison resistance
MPRegen  0.42/turn              v - +6 ring of dexterity

@: no status effects
A: fangs 1, strong nose, distributed training
a: Renounce Religion, Depart the Abyss, Bend Space, Banish, Corrupt


You were on level 1 of the Lair of Beasts.
You worshipped Lugonu.
Lugonu was greatly pleased with you.
You visited 3 branches of the dungeon, and saw 10 of its levels.
You visited the Abyss 1 time.

You collected 422 gold pieces.

Inventory:

Hand Weapons
 a - a +1 hand axe
 d - a +5 rapier of venom (weapon)
 k - a +0 broad axe of flaming
Missiles
 c - 7 datura-tipped darts
 f - 29 poisoned darts (quivered)
Armour
 j - a +1 kite shield (worn)
 l - a +1 chain mail (worn)
 w - a +2 pair of boots (worn)
Jewellery
 e - an amulet of magic regeneration (around neck)
 m - a ring of poison resistance (left hand)
 v - a +6 ring of dexterity (right hand)
Wands
 b - a wand of acid (3)
 x - a wand of iceblast (13)
 z - a wand of digging (9)
Scrolls
 g - a scroll of fog
 q - a scroll of teleportation
 t - 2 scrolls of identify
 y - 3 scrolls of blinking {unknown}
 A - 2 scrolls of amnesia
Potions
 h - a potion of brilliance
 i - a potion of resistance
 n - 4 potions of curing
 o - a potion of magic {unknown}
 p - 2 potions of lignification
 r - 2 potions of might {unknown}
 s - a potion of haste {unknown}
 u - a potion of berserk rage {unknown}


   Skills:
 + Level 9.4 Fighting
 + Level 6.7 Short Blades
 + Level 6.7 Long Blades
 + Level 8.2 Axes
 + Level 6.7 Maces & Flails
 + Level 6.7 Polearms
 + Level 6.7 Staves
 + Level 6.7 Slings
 + Level 6.7 Bows
 + Level 6.7 Crossbows
 + Level 6.7 Throwing
 + Level 8.2 Armour
 + Level 7.2 Dodging
 + Level 6.7 Stealth
 + Level 6.7 Shields
 + Level 6.7 Unarmed Combat
 + Level 6.7 Spellcasting
 + Level 5.5 Conjurations
 + Level 5.5 Hexes
 + Level 5.5 Summonings
 + Level 5.5 Necromancy
 + Level 5.5 Translocations
 + Level 5.5 Transmutations
 + Level 5.5 Fire Magic
 + Level 5.5 Ice Magic
 + Level 5.5 Air Magic
 + Level 5.5 Earth Magic
 + Level 5.5 Poison Magic
 + Level 8.8 Invocations
 + Level 6.7 Evocations


You had 23 spell levels left.
You didn't know any spells.
Your spell library contained the following spells:

 Spells                   Type           Power      Damage    Failure   Level
 Slow                     Hex            16%        N/A       73%         2
 Confusing Touch          Hex            16%        N/A       91%         3
 Vampiric Draining        Necr           8%         2d7       91%         3
 Animate Armour           Summ/Erth      32%        N/A       100%        4
 Blade Hands              Tmut           8%         N/A       100%        5
 Iron Shot                Conj/Erth      8%         9d3       100%        6


Dungeon Overview and Level Annotations

Branches:
Dungeon (8/15)             Temple (1/1) D:7            Lair (1/6) D:8

Altars:
Ashenzari
Cheibriados
Fedhas
Gozag
Hepliaklqana
Kikubaaqudgha
Nemelex Xobeh
Ru
Sif Muna
Trog
Uskayaw
Vehumet
Yredelemnul
The Shining One

Annotations:
Abyss:1 Shaidar's ghost, novice MiBe


Innate Abilities, Weirdness & Mutations

You have very sharp teeth.
Your uncanny sense of smell can sniff out nearby items.
Your experience applies equally to all skills.


Message History

You block the komodo dragon's attack.
You closely miss the komodo dragon.
You bite the komodo dragon, but do no damage.
You block the komodo dragon's attack.
A yak comes into view.
Unknown command.
The yak bellows!
You hear a bellow!
The komodo dragon bites you but does no damage.
You puncture the komodo dragon!
The komodo dragon is poisoned.
The komodo dragon is lightly wounded.
A yak comes into view.
The komodo dragon completely misses you.
You barely miss the komodo dragon. Your bite misses the komodo dragon.
The komodo dragon is moderately wounded.
The komodo dragon barely misses you.
You puncture the komodo dragon!
The komodo dragon looks as sick as possible!
The komodo dragon is heavily wounded.
The komodo dragon bites you!
You hit the komodo dragon but do no damage.
The komodo dragon looks as sick as possible!
Your bite misses the komodo dragon.
The komodo dragon is heavily wounded.
The komodo dragon bites you!
A yak comes into view.
The yak bellows!
You puncture the komodo dragon!
The komodo dragon looks as sick as possible!
You bite the komodo dragon, but do no damage.
The komodo dragon is severely wounded.
The komodo dragon bites you!!
You completely miss the komodo dragon. Your bite misses the komodo dragon.
The komodo dragon is almost dead.
The komodo dragon bites you!!
* * * LOW HITPOINT WARNING * * *
You completely miss the komodo dragon.
You bite the komodo dragon, but do no damage.
The komodo dragon is almost dead.
The komodo dragon bites you!
You die...

##..#####
#.....#.#
##..####.#
####P.......#
..#..#.#...#
...#...#.P.#
###.#.###..##
#.....#...#
#.@##.P.#.##
###lY......#
#.Y#YP#####
####>..#
###.# ... ∆
.... ....#
....#


You could see a komodo dragon (extremely poisoned) and 3 yaks.

Vanquished Creatures
  A hydra (Lair:1)
  Maggie (D:8)
  A cane toad (D:8)
  4 yaks
  Sigmund (D:2)
  An acid dragon (D:8)
  4 water moccasins (D:8)
  A black bear (D:7)
  2 orc warriors
  2 ice beasts (D:6)
  A sky beast (D:6)
  5 ogres
  A centaur (D:5)
  A phantom (D:4)
  2 wolves
  A kobold brigand (D:7)
  4 scorpions
  4 bullfrogs
  2 water moccasin skeletons
  A wyvern skeleton (D:6)
  12 killer bees
  4 wights
  A howler monkey (D:8)
  A centaur zombie (D:7)
  A jelly (D:6)
  3 quasits (D:5)
  2 orc priests
  4 gnoll shamans
  4 hounds
  Jessica (D:2)
  Terence (D:3)
  An iguana (D:5)
  5 orc wizards
  4 killer bee zombies
  A howler monkey zombie (D:3)
  6 adders
  19 gnolls
  A howler monkey skeleton (D:4)
  2 white imps
  3 ufetubi
  An adder skeleton (D:4)
  2 dart slugs (D:3)
  23 orcs
  6 endoplasms
  3 giant cockroaches
  8 goblins
  7 hobgoblins
  3 jackals (D:2)
  4 kobolds
  2 quokkas
  3 ball pythons
  2 ball python zombies (D:3)
  6 bats
  15 frilled lizards
  A quokka zombie (D:3)
  6 rats
208 creatures vanquished.

Vanquished Creatures (others)
  4 fungi (Lair:1)
  16 plants
  8 withered plants (D:3)
28 creatures vanquished.

Grand Total: 236 creatures vanquished

Notes
Turn   | Place    | Note
-------+----------+-------------------------------------------
     0 | Abyss:1  | Gargoyl the Gnoll Abyssal Knight began the quest for the
                  | Orb.
     0 | Abyss:1  | Reached XP level 1. HP: 23/23 MP: 3/3
   112 | Abyss:2  | Noticed a spatial maelstrom
   112 | Abyss:2  | Noticed a spatial vortex
   112 | Abyss:2  | Noticed a spatial vortex
   113 | D:1      | Escaped the Abyss
   304 | D:1      | Reached * piety under Lugonu
   362 | D:1      | Reached XP level 2. HP: 29/29 MP: 5/5
   739 | D:1      | Found a faded altar of an unknown god.
  1116 | D:1      | Reached XP level 3. HP: 29/35 MP: 6/6
  1736 | D:2      | Noticed Sigmund
  1744 | D:2      | Killed Sigmund
  1745 | D:2      | Reached skill level 1 in Short Blades
  1745 | D:2      | Reached skill level 1 in Long Blades
  1745 | D:2      | Reached skill level 1 in Maces & Flails
  1745 | D:2      | Reached skill level 1 in Polearms
  1745 | D:2      | Reached skill level 1 in Staves
  1745 | D:2      | Reached skill level 1 in Slings
  1745 | D:2      | Reached skill level 1 in Bows
  1745 | D:2      | Reached skill level 1 in Crossbows
  1745 | D:2      | Reached skill level 1 in Throwing
  1745 | D:2      | Reached skill level 1 in Stealth
  1745 | D:2      | Reached skill level 1 in Shields
  1745 | D:2      | Reached skill level 1 in Unarmed Combat
  1745 | D:2      | Reached skill level 1 in Spellcasting
  1745 | D:2      | Reached skill level 1 in Conjurations
  1745 | D:2      | Reached skill level 1 in Hexes
  1745 | D:2      | Reached skill level 1 in Summonings
  1745 | D:2      | Reached skill level 1 in Necromancy
  1745 | D:2      | Reached skill level 1 in Translocations
  1745 | D:2      | Reached skill level 1 in Transmutations
  1745 | D:2      | Reached skill level 1 in Fire Magic
  1745 | D:2      | Reached skill level 1 in Ice Magic
  1745 | D:2      | Reached skill level 1 in Air Magic
  1745 | D:2      | Reached skill level 1 in Earth Magic
  1745 | D:2      | Reached skill level 1 in Poison Magic
  1745 | D:2      | Reached skill level 1 in Evocations
  1745 | D:2      | Reached XP level 4. HP: 18/41 MP: 7/7
  1745 | D:2      | Reached XP level 5. HP: 21/47 MP: 8/8
  2181 | D:2      | Noticed Jessica
  2185 | D:2      | Killed Jessica
  2186 | D:2      | Reached skill level 5 in Invocations
  2186 | D:2      | Reached XP level 6. HP: 47/53 MP: 9/9
  2588 | D:3      | Reached skill level 5 in Axes
  2588 | D:3      | Reached skill level 5 in Armour
  2896 | D:3      | Reached ** piety under Lugonu
  3195 | D:3      | Noticed Terence
  3201 | D:3      | Killed Terence
  3500 | D:4      | Upgraded the game from 0.27-a0-1434-g6f15984924 to
                  | 0.27-a0-1438-g9b7c6745da
  3534 | D:4      | Reached XP level 7. HP: 53/59 MP: 10/10
  3537 | D:4      | Reached skill level 7 in Fighting
  4867 | D:5      | Entered Level 5 of the Dungeon
  4873 | D:5      | Reached XP level 8. HP: 54/67 MP: 12/12
  5264 | D:5      | Found a transporter.
  5274 | D:5      | Noticed Shaidar's ghost (novice MiBe)
  5284 | D:5      | Found a transporter.
  5326 | D:5      | Reached *** piety under Lugonu
  6626 | D:5      | Banished Shaidar's ghost
  6627 | D:5      | Reached XP level 9. HP: 66/73 MP: 6/15
  6754 | D:6      | Reached skill level 8 in Fighting
  6754 | D:6      | Reached skill level 5 in Short Blades
  6754 | D:6      | Reached skill level 5 in Long Blades
  6754 | D:6      | Reached skill level 5 in Maces & Flails
  6754 | D:6      | Reached skill level 5 in Polearms
  6754 | D:6      | Reached skill level 5 in Staves
  6754 | D:6      | Reached skill level 5 in Slings
  6754 | D:6      | Reached skill level 5 in Bows
  6754 | D:6      | Reached skill level 5 in Crossbows
  6754 | D:6      | Reached skill level 5 in Throwing
  6754 | D:6      | Reached skill level 5 in Stealth
  6754 | D:6      | Reached skill level 5 in Shields
  6754 | D:6      | Reached skill level 5 in Unarmed Combat
  6754 | D:6      | Reached skill level 5 in Spellcasting
  6754 | D:6      | Reached skill level 5 in Evocations
  6754 | D:6      | Reached XP level 10. HP: 82/82 MP: 15/18
  7113 | D:6      | Reached skill level 9 in Fighting
  7844 | D:7      | Reached skill level 5 in Conjurations
  7844 | D:7      | Reached skill level 5 in Hexes
  7844 | D:7      | Reached skill level 5 in Summonings
  7844 | D:7      | Reached skill level 5 in Necromancy
  7844 | D:7      | Reached skill level 5 in Translocations
  7844 | D:7      | Reached skill level 5 in Transmutations
  7844 | D:7      | Reached skill level 5 in Fire Magic
  7844 | D:7      | Reached skill level 5 in Ice Magic
  7844 | D:7      | Reached skill level 5 in Air Magic
  7844 | D:7      | Reached skill level 5 in Earth Magic
  7844 | D:7      | Reached skill level 5 in Poison Magic
  8532 | D:7      | Reached **** piety under Lugonu
  9104 | D:7      | Found a staircase to the Ecumenical Temple.
  9112 | Temple   | Entered the Ecumenical Temple
  9662 | D:8      | Noticed Maggie
  9669 | D:8      | HP: 3/83 [acid (13)]
  9678 | D:8      | Killed Maggie
  9989 | D:8      | Found a broken altar of Ashenzari.
 10144 | D:8      | Found a staircase to the Lair.
 10449 | D:8      | Reached XP level 11. HP: 58/89 MP: 20/20
 11428 | Lair:1   | Entered Level 1 of the Lair of Beasts
 11677 | Lair:1   | Noticed a six-headed hydra
 11691 | Lair:1   | Killed a one-headed hydra
 11996 | Lair:1   | Noticed a seven-headed hydra
 12023 | D:8      | Banished a seven-headed hydra
 12669 | Lair:1   | Slain by a komodo dragon

Illustrated notes

Levels and vault maps discovered:
D:1:      amcnicky_arrival_underground_garden, layout_loops_ring,
          shapermc_ecumenical_altar_mp_ritualfount,
          chequers_serial_rivers_small_b, chequers_big_river
D:2:      layout_loops_corners, uniq_sigmund, uniq_jessica
D:3:      layout_loops_ring, serial_undead, serial_undead_e, serial_undead_f,
          serial_undead_d, serial_undead_e, serial_undead_b, serial_undead_c,
          st_stairs_1, grunt_decor_fettered, uniq_terence
D:4:      layout_basic, minmay_misc_feat_chi
D:5:      layout_rooms, gammafunk_ghost_stat_death, minmay_lizard_king
D:6:      layout_loops_ring
D:7:      layout_cave_pools, minmay_temple_entry_grid
D:8:      layout_loops_ring, nicolae_overflow_crystal_walls, lair_entry_dummy,
          uniq_maggie
Temple:   dpeg_three_leaves_temple
Lair:1:   layout_roguey, beast_lair_carwin_5

Skill      XL: |  1  2  3  4  5  6  7  8  9 10 11 |
---------------+----------------------------------+-----
Short Blades   | 1 2 4 5 6 |  6.7
Long Blades    | 1 2 4 5 6 |  6.7
Maces & Flails | 1 2 4 5 6 |  6.7
Polearms       | 1 2 4 5 6 |  6.7
Staves         | 1 2 4 5 6 |  6.7
Slings         | 1 2 4 5 6 |  6.7
Bows           | 1 2 4 5 6 |  6.7
Crossbows      | 1 2 4 5 6 |  6.7
Throwing       | 1 2 4 5 6 |  6.7
Dodging        | 3 4 6 7 |  7.2
Stealth        | 1 2 4 5 6 |  6.7
Shields        | 1 2 4 5 6 |  6.7
Unarmed Combat | 1 2 4 5 6 |  6.7
Spellcasting   | 1 2 4 5 6 |  6.7
Conjurations   | 1 2 3 4 5 |  5.5
Hexes          | 1 2 3 4 5 |  5.5
Summonings     | 1 2 3 4 5 |  5.5
Necromancy     | 1 2 3 4 5 |  5.5
Translocations | 1 2 3 4 5 |  5.5
Transmutations | 1 2 3 4 5 |  5.5
Fire Magic     | 1 2 3 4 5 |  5.5
Ice Magic      | 1 2 3 4 5 |  5.5
Air Magic      | 1 2 3 4 5 |  5.5
Earth Magic    | 1 2 3 4 5 |  5.5
Poison Magic   | 1 2 3 4 5 |  5.5
Evocations     | 1 2 4 5 6 |  6.7
Invocations    | 5 6 8 |  8.8
Axes           | 5 6 7 8 |  8.2
Armour         | 5 6 7 8 |  8.2
Fighting       | 7 8 9 |  9.4

Action                   |  1- 3 |  4- 6 |  7- 9 | 10-12 || total
-------------------------+-------+-------+-------+-------++-------
Melee: Rapier            |    66 |    97 |   236 |   393 ||   792
       Bite              |     7 |     6 |    20 |    36 ||    69
       Broad axe         |       |       |       |     9 ||     9
Throw: Dart              |       |       |     2 |     6 ||     8
Invok: Depart the Abyss  |     1 |       |       |       ||     1
       Bend Space        |       |       |     2 |     4 ||     6
       Banish            |       |       |     2 |     2 ||     4
Evoke: Wand              |       |       |       |     2 ||     2
  Use: Scroll            |     2 |     4 |     9 |     7 ||    22
       Potion            |       |       |     1 |     3 ||     4
Armor: Leather armour    |     6 |       |       |       ||     6
       Scale mail        |    16 |       |       |       ||    16
       Chain mail        |    10 |    77 |   231 |   275 ||   593
Dodge: Dodged            |    23 |    19 |    74 |   157 ||   273
Block: Kite shield       |    10 |    42 |   165 |   251 ||   468

Table legend: (Time is in decaauts)
 A = Elapsed time spent in this place.
 B = Non-inter-level travel time spent in this place.
 C = Inter-level travel time spent in this place.
 D = Time resting spent in this place.
 E = Time spent auto-exploring this place.
 F = Levels seen in this place.
 G = Mean time per level.
                   A        B        C        D        E       F      G
               +--------+--------+--------+--------+--------+-----+--------+
         Total |  12861 |  12605 |    256 |   3587 |   6615 |  12 | 1071.8 |
       Dungeon |  11980 |  11724 |    256 |   3033 |   6457 |   8 | 1497.5 |
        Temple |    303 |    303 |      0 |    271 |      0 |   1 |  303.0 |
          Lair |    465 |    465 |      0 |    283 |     65 |   1 |  465.0 |
         Abyss |    112 |    112 |      0 |      0 |     93 |   2 |   56.0 |
               +--------+--------+--------+--------+--------+-----+--------+

Top non-repeatable levels by time:
     D:4: 2155 daAuts
     D:8: 2066 daAuts
     D:6: 1754 daAuts
     D:7: 1372 daAuts
     D:2: 1234 daAuts
     D:1: 1225 daAuts
     D:5: 1218 daAuts
     D:3: 952 daAuts
  Lair:1: 465 daAuts
  Temple: 303 daAuts
 Abyss:1: 63 daAuts
 Abyss:2: 49 daAuts
